 Seeded DCSS version 0.30-a0-737-gf23d94013f (webtiles) character file.

Game seed: 15522570277298411448 (custom seed)

203050 flotson the Fighter (level 18, 0/131 HPs)
             Began as a Demonspawn Delver on Jan 25, 2023.
             Was the Champion of Hepliaklqana.
             Slain by a jumping spider (19 damage)
             ... on level 1 of the Spider Nest on Feb 1, 2023.
             The game lasted 01:20:00 (36058 turns).

flotson the Fighter (Demonspawn Delver)            Turns: 36058, Time: 01:20:01

Health: 0/131      AC: 43    Str: 27    XL:     18   Next: 34%
Magic:  0/24       EV: 12    Int: 22    God:    Hepliaklqana [******]
Gold:   3156       SH:  0    Dex: 17    Spells: 17/17 levels left

rFire   . . .      SeeInvis .    b - +4 broad axe of Okawaru's Esteem {venom, rElec Int+5}
rCold   + + .      Faith    .    d - +0 kite shield {rC+}
rNeg    . . .      Spirit   +    l - +15 Maxwell's patent armour {-Cast -Tele rElec Will+ rCorr}
rPois   +          Reflect  .    m - +2 helmet
rElec   +          Harm     .    C - scarf {repulsion}
rCorr   +          Rampage  .    r - +2 pair of gloves of Fortitude {rPois Will+}
Will    ++++.      NoTele   +    n - +0 pair of boots Stlth NoCast +
                                 J - amulet of guardian spirit
HPRegen 0.41/turn                x - ring "Pischuila" {*Slow Fly Will+ rCorr Str+8}
MPRegen 0.19/turn                K - ring of Haozot {Drain +Blink Fly rPois Int+6}

@: mighty, agile, marked, flying, held, hasted and slowed, studying 2 skills,
repel missiles
A: reduced essence, claws 2, icy blue scales 3, demonic guardian 2, powered by
pain 3
a: Renounce Religion, Evoke Blink, Recall Ancestor, Ancestor Identity,
Transference, Idealise


You were on level 1 of the Spider Nest.
You worshipped Hepliaklqana.
Hepliaklqana was exalted by your worship.
You visited 6 branches of the dungeon, and saw 27 of its levels.
You visited 1 bazaar.
You also visited: Bailey and Ice Cave.

You collected 4581 gold pieces.
You spent 1425 gold pieces at shops.

Inventory:

Hand Weapons
 a - a +6 eveningstar of freezing
 b - the +4 broad axe of Okawaru's Esteem (weapon) {venom, rElec Int+5}
   (You bought it in a shop on level 3 of the Elven Halls)

   Int:       It affects your intelligence (+5).
   rElec:     It insulates you from electricity.
Missiles
 H - 9 boomerangs (quivered)
 L - 10 atropa-tipped darts
 P - a javelin
 W - 3 boomerangs of dispersal
Armour
 d - a +0 kite shield of cold resistance (worn)
 l - the +15 Maxwell's patent armour (worn) {-Cast -Tele rElec Will+ rCorr}
   (You acquired it on level 2 of the Orcish Mines)

   rElec:     It insulates you from electricity.
   -Cast:     It prevents spellcasting.
   -Tele:     It prevents most forms of teleportation.
   rCorr:     It protects you from acid and corrosion.
   Will:      It increases your willpower.
 m - a +2 helmet (worn)
 n - a +0 pair of boots (worn)
 r - the +2 pair of gloves of Fortitude (worn) {rPois Will+}
   (You took it off Nikola on level 1 of the Elven Halls)

   rPois:     It protects you from poison.
   Will:      It increases your willpower.
 t - a scarf of resistance
 C - a scarf of repulsion (worn)
 Z - the +7 chain mail of the Valley of Death {rC- rN+ rCorr}
   (You took it off a deep elf blademaster on level 3 of the Elven Halls)

   rC:        It makes you vulnerable to cold.
   rN:        It protects you from negative energy.
   rCorr:     It protects you from acid and corrosion.
Jewellery
 h - a ring of see invisible
 x - the ring "Pischuila" (left hand) {*Slow Fly Will+ rCorr Str+8}
   (You found it on level 3 of the Dungeon)

   [ring of flight]

   Str:       It affects your strength (+8).
   Fly:       It grants you flight.
   rCorr:     It protects you from acid and corrosion.
   *Slow:     It may slow you when you take damage.
   Will:      It increases your willpower.
 J - an amulet of guardian spirit (around neck)
 K - the ring of Haozot (right hand) {Drain +Blink Fly rPois Int+6}
   (You took it off a deep elf annihilator on level 3 of the Elven Halls)

   [ring of flight]

   Int:       It affects your intelligence (+6).
   rPois:     It protects you from poison.
   Fly:       It grants you flight.
   +Blink:    It lets you blink.
   Drain:     It drains your maximum health when unequipped.
Wands
 g - a wand of digging (17)
 v - a wand of acid (6)
 F - a wand of paralysis (14)
 I - a wand of flame (12)
 M - a wand of polymorph (29)
 Q - a wand of mindburst (8)
 R - a wand of roots (10)
Scrolls
 c - 7 scrolls of fog
 j - 3 scrolls of silence
 p - a scroll of torment
 s - 8 scrolls of immolation
 u - 4 scrolls of enchant weapon
 z - 3 scrolls of vulnerability
 A - 4 scrolls of poison
 G - a scroll of summoning
 S - 2 scrolls of magic mapping
Potions
 f - 5 potions of haste
 i - 2 potions of lignification
 k - 5 potions of attraction
 o - 3 potions of cancellation
 q - 4 potions of resistance
 w - 6 potions of curing
 B - 8 potions of might
 E - 7 potions of ambrosia
 N - 4 potions of berserk rage
 O - 2 potions of invisibility
 X - 3 potions of heal wounds
Miscellaneous
 D - a lightning rod (4/4)
 T - a tin of tremorstones (2/2)
 U - a condenser vane
 V - a piece from Xom's chessboard (15/15)


   Skills:
 + Level 14.2 Fighting
 - Level 9.5(11.1) Axes
 - Level 9.1(11.0) Maces & Flails
 + Level 11.9 Throwing
 + Level 12.0 Armour
 + Level 12.0 Dodging
 - Level 5.0 Stealth
 + Level 13.4 Shields
 - Level 8.0 Invocations
 + Level 12.9 Evocations


You had 17 spell levels left.
You didn't know any spells.
Your spell library contained the following spells:

 Spells                   Type           Power      Damage    Failure   Level
 Apportation              Tloc           0%         N/A       94%         1
 Kiss of Death            Conj/Necr      0%         2d5       94%         1
 Magic Dart               Conj           0%         1d3       94%         1
 Sting                    Tmut/Pois      0%         1d3       94%         1
 Passwall                 Tmut/Erth      0%         N/A       98%         2
 Scorch                   Fire           0%         2d5       98%         2
 Searing Ray              Conj           0%         2d4       98%         2
 Wereblood                Tmut           0%         N/A       98%         2
 Confusing Touch          Hex            0%         N/A       100%        3
 Gell's Gravitas          Tloc           0%         N/A       100%        3
 Ignite Poison            Fire/Tmut/Pois 0%         N/A       100%        3
 Kindle Blastsparks       Fire/Tloc/Air  0%         2d10      100%        3
 Portal Projectile        Hex/Tloc       0%         N/A       100%        3
 Stone Arrow              Conj/Erth      0%         3d7       100%        3
 Summon Guardian Golem    Hex/Summ       0%         N/A       100%        3
 Teleport Other           Tloc           0%         N/A       100%        3
 Tukima's Dance           Hex            0%         N/A       100%        3
 Vhi's Electric Charge    Tloc/Air       0%         N/A       100%        3
 Airstrike                Air            0%         2d(0-16)  100%        4
 Animate Armour           Summ/Erth      0%         N/A       100%        4
 Animate Dead             Necr           0%         N/A       100%        4
 Dispel Undead            Necr           0%         3d6       100%        4
 Flame Wave               Conj/Fire      0%         2d4       100%        4
 Fulminant Prism          Conj/Hex       0%         3d5       100%        4
 Leda's Liquefaction      Hex/Erth       0%         N/A       100%        4
 Manifold Assault         Tloc           0%         N/A       100%        4
 Petrify                  Tmut/Erth      0%         N/A       100%        4
 Sticky Flame             Conj/Fire      0%         2d3       100%        4
 Alistair's Intoxication  Tmut/Pois      0%         N/A       100%        5
 Blade Hands              Tmut           0%         N/A       100%        5
 Borgnjor's Vile Clutch   Necr/Erth      0%         N/A       100%        5
 Fireball                 Conj/Fire      0%         3d3       100%        5
 Freezing Cloud           Conj/Ice/Air   0%         6-21      100%        5
 Iskenderun's Battlesphe  Conj           0%         2d6       100%        5
 Lee's Rapid Deconstruct  Erth           0%         3d4*      100%        5
 Lightning Bolt           Conj/Air       0%         1d11      100%        5
 Metabolic Englaciation   Hex/Ice        0%         N/A       100%        5
 Conjure Ball Lightning   Conj/Air       0%         3x3d6     100%        6
 Death Channel            Necr           0%         N/A       100%        6
 Dispersal                Tloc           0%         N/A       100%        6
 Eringya's Noxious Bog    Tmut/Pois      0%         N/A       100%        6
 Iron Shot                Conj/Erth      0%         9d1       100%        6
 Simulacrum               Ice/Necr       0%         N/A       100%        6
 Statue Form              Tmut/Erth      0%         N/A       100%        6
 Summon Cactus Giant      Summ           0%         N/A       100%        6
 Dragon Form              Tmut           0%         N/A       100%        7
 Malign Gateway           Summ/Tloc      0%         N/A       100%        7
 Orb of Destruction       Conj           0%         9d5       100%        7
 Spellforged Servitor     Conj/Summ      0%         N/A       100%        7
 Borgnjor's Revivificati  Necr           0%         N/A       100%        8
 Ignition                 Fire           0%         3d3       100%        8
 Lehudib's Crystal Spear  Conj/Erth      0%         10d2      100%        8
 Chain Lightning          Conj/Air       0%         N/A       100%        9
 Fire Storm               Conj/Fire      0%         5d1       100%        9
 Polar Vortex             Ice            0%         N/A       100%        9
 Shatter                  Erth           0%         3d5*      100%        9


Dungeon Overview and Level Annotations

Branches:
Dungeon (15/15)            Temple (1/1) D:6            Lair (5/5) D:11
 Shoals (0/4) Lair:3       Spider (1/4) Lair:3        Slime (0/5) Lair:5
    Orc (2/2) D:12            Elf (3/3) Orc:2        Vaults (0/5) D:13
 Depths (0/4) D:15         Bailey (visited)           IceCv (visited)

Altars:
Ashenzari
Cheibriados
Dithmenos
Fedhas
Gozag
Hepliaklqana
Kikubaaqudgha
Makhleb
Nemelex Xobeh
Okawaru
Qazlal
Ru
Sif Muna
Trog
Uskayaw
Vehumet
Wu Jian
Xom
Yredelemnul

Shops:
D:5 *   D:6 =   D:10 :   D:12 [   Orc:2 *!!(?*   Elf:2 :   Elf:3 !(!


Innate Abilities, Weirdness & Mutations

Your life essence is reduced to manifest your ancestor. (-10% HP)
You have very sharp fingernails.
You are completely covered in icy blue scales. (AC +4, rC+)
A demonic guardian rushes to your aid.
You are powered by pain.


Message History

As you read the scroll of fear, it crumbles to dust.
You assume a fearsome visage.
The tarantella looks frightened!
The jumping spider is unaffected.
The redback looks frightened!
The orb spider looks frightened!
The jumping spider looks frightened!
The wolf spider is unaffected.
The redback is unaffected.
The orb spider looks frightened!
The redback is unaffected.
The steelbarb worm looks frightened!
The moth of wrath looks frightened!
The tarantella is unaffected.
The wolf spider is unaffected.
The torpor snail resists with almost no effort.
The steelbarb worm looks frightened!
The wolf spider misses you. The wolf spider barely misses you.
The wolf spider hits you but does no damage.
The wolf spider bites you but does no damage.
The redback completely misses you. The tarantella misses you.
The redback bites you but does no damage.
The jumping spider pounces on you!
* * * LOW HITPOINT WARNING * * *
A demonic guardian appears!
The jumping spider bites you but does no damage.
The wolf spider barely misses you.
The wolf spider bites you but does no damage.
The wolf spider closely misses you.
The wolf spider bites you but does no damage.
The jumping spider leaps!
The redback bites you but does no damage.
The tarantella touches you!
* * * LOW HITPOINT WARNING * * *
The redback bites you but does no damage.
The jumping spider barely misses you. The jumping spider misses you.
You feel much better.
The wolf spider hits you but does no damage.
The wolf spider closely misses you. The wolf spider hits you!
* * * LOW HITPOINT WARNING * * *
The wolf spider bites you but does no damage.
The redback bites you!
* * * LOW HITPOINT WARNING * * *
The tarantella touches you but does no damage.
The redback bites you but does no damage.
The jumping spider pounces on you!!
You die...

....... . ^.....#.......
##......#...#.. . #
####....^##....!. .. #
#..†..#.###s#..# ...
#####.††>.....#w...#^...
.##.....#.....#y.....#.#
.#.......##...#†ssw....#
...#..##...^#w.s@s#
#[.........#...s#s.#
....##........3.#s.s#
.#....#...#......s.s.#
.^....#........#.......
.....#...##..#..#..#.s..
###.#........#####.##...
...##..#.#.... #. ###
..#...


You could see 2 steelbarb worms, a torpor snail, 2 wolf spiders, a moth of wrath
(fleeing, very poisoned), 2 orb spiders, 3 jumping spiders, 2 tarantellas, 3
redbacks and a friendly smoke demon (summoned).

Vanquished Creatures
  2 deep elf blademasters (Elf:3)
  A deep elf master archer (Elf:3)
  2 sphinxes (Elf:1)
  Agnes (Elf:2)
  Roxanne (D:14)
  A tengu reaver (D:13)
  2 deep elf elementalists (Elf:3)
  5 deep elf demonologists (Elf:3)
  Nessos (Orc:2)
  Azrael (D:13)
  A deep elf annihilator (Elf:3)
  4 deep elf death magi
  3 fire dragons (Elf:1)
  A deep elf high priest (Elf:3)
  6 hydras (Elf:1)
  Erolcha (Orc:1)
  A boulder beetle (D:14)
  4 centaur warriors
  22 dancing weapons
  A catoblepas (Lair:5)
  A tengu warrior (D:14)
  2 two-headed ogres
  3 death yaks
  An orc high priest (Orc:2)
  12 deep elf knights
  A pharaoh ant (Spider:1)
  The ghost of warriortoast the Covert, a novice SpHu of Okawaru (D:9)
  5 skeletal warriors (D:14)
  A steelbarb worm (Spider:1)
  A deep troll (D:15)
  17 deep elf archers
  6 orc knights
  A necromancer (IceCv)
  2 wizards
  A lindwurm (shapeshifter) (D:14)
  4 harpies (Elf:1)
  18 deep elf pyromancers
  11 deep elf zephyrmancers
  8 ugly things
  3 wolf spiders (Spider:1)
  4 manticores (Elf:1)
  An orc sorcerer (Orc:1)
  A cyclops (D:13)
  2 black mambas (Lair:4)
  11 elephants (Lair:5)
  Maurice (Orc:1)
  A torpor snail (Spider:1)
  2 demonic crawlers (Spider:1)
  6 cane toads
  A rime drake (Lair:4)
  4 komodo dragons
  3 kobold demonologists (D:13)
  5 freezing wraiths
  3 ice devils (IceCv)
  2 tengu conjurers (D:13)
  4 trolls
  A meliai (D:14)
  A queen bee (D:9)
  2 polar bears (Lair:2)
  2 tarantellas (Spider:1)
  10 blink frogs
  10 jumping spiders (Spider:1)
  4 dream sheep (Lair:5)
  An air elemental (Elf:2)
  A culicivora (Spider:1)
  3 spriggans (Bailey)
  A ynoxinul (D:9)
  A water elemental (Elf:1)
  A vampire (D:10)
  4 wyverns
  2 fire elementals
  2 hogs (D:13)
  16 yaks
  2 dire elephant simulacra (IceCv)
  4 basilisks
  A steam dragon (D:10)
  6 redbacks
  A death yak simulacrum (IceCv)
  2 harpy simulacra (IceCv)
  3 wargs (Orc:2)
  7 vampire mosquitoes
  An acid dragon (D:12)
  2 hydra simulacra (IceCv)
  5 water moccasins
  2 hell hounds (D:13)
  7 black bears
  14 orc warriors
  3 sky beasts
  2 wolves
  6 ogres
  4 centaurs
  2 phantoms
  7 bullfrogs
  2 gnoll sergeants
  3 kobold brigands
  A necrophage (D:7)
  7 scorpions
  An earth elemental (Elf:3)
  2 cane toad simulacra (IceCv)
  9 wights
  Dowan (D:7)
  19 killer bees
  An elephant simulacrum (IceCv)
  A howler monkey (D:12)
  2 hounds
  7 jellies
  2 gnoll boudas
  6 orc priests (Orc:2)
  5 orc wizards
  4 iguanas
  4 polar bear simulacra (IceCv)
  2 spriggan simulacra (IceCv)
  A troll simulacrum (IceCv)
  2 wolf simulacra (IceCv)
  7 gnolls
  6 adders
  A naga simulacrum (IceCv)
  A shadow imp (D:6)
  7 white imps
  3 ufetubi
  2 dart slugs
  40 orcs
  6 ball pythons
  6 endoplasms
  A giant cockroach (D:2)
  7 goblins
  2 jackals (D:3)
  A quokka (D:5)
  7 bats
  3 frilled lizards
  12 kobolds
  3 rats (D:1)
551 creatures vanquished.

Vanquished Creatures (collateral kills)
  Nikola (Elf:1)
  Jorgrun (Elf:1)
  A deep elf master archer (Elf:3)
  2 deep elf blademasters
  Frances (D:14)
  A sphinx (Elf:1)
  A storm dragon (D:11)
  Kirke (D:13)
  A deep elf sorcerer (Elf:3)
  A stone giant (D:15)
  A deep elf annihilator (Elf:3)
  A dire elephant (Lair:5)
  A deep elf death mage (Elf:3)
  Josephine (Lair:5)
  An entropy weaver (Spider:1)
  A deep elf high priest (Elf:3)
  2 hydras (Lair:4)
  A catoblepas (Lair:2)
  2 ogre magi
  Erica (Orc:1)
  18 dancing weapons
  7 two-headed ogres
  A death knight (D:14)
  A deep troll shaman (Lair:5)
  7 death yaks
  4 boulder beetles
  9 deep elf knights
  A deep troll earth mage (D:11)
  A tengu warrior (D:14)
  3 skeletal warriors (D:14)
  2 wizards
  9 deep elf archers
  A harpy (D:11)
  12 deep elf zephyrmancers
  An orc sorcerer (Orc:1)
  4 orc knights
  11 deep elf pyromancers
  A wolf spider (shapeshifter) (D:15)
  3 cyclopes
  12 ugly things
  A manticore (D:15)
  7 elephants (Lair:5)
  An ice statue (IceCv)
  A merfolk siren (Lair:3)
  2 black mambas
  A torpor snail (Lair:5)
  A demonic crawler (Spider:1)
  A molten gargoyle (D:15)
  8 cane toads
  4 kobold demonologists (D:13)
  4 freezing wraiths
  4 komodo dragons
  A rime drake (Lair:4)
  2 tengu conjurers
  An unseen horror (D:11)
  6 ice devils (IceCv)
  2 polar bears (Lair:5)
  A wind drake (shapeshifter) (D:15)
  A troll (Orc:1)
  A tarantella (Spider:1)
  6 dream sheep (Lair:5)
  9 blink frogs
  2 air elementals
  A jumping spider (shapeshifter) (D:13)
  4 jumping spiders (Spider:1)
  A spriggan (Bailey)
  A shadow (D:10)
  A vampire (D:11)
  4 water elementals
  A hog (D:13)
  6 wraiths
  A dire elephant simulacrum (IceCv)
  A fire elemental (Elf:1)
  4 wyverns
  15 yaks
  9 basilisks
  2 steam dragons (D:10)
  A vampire mosquito (D:12)
  3 redbacks (Spider:1)
  2 death yak simulacra (IceCv)
  A harpy simulacrum (IceCv)
  An acid dragon (Bailey)
  4 wargs
  3 water moccasins
  2 hell hounds
  Duvessa (D:7)
  14 orc warriors
  2 black bears
  An ogre (Orc:1)
  4 wolves
  A centaur (D:9)
  6 bullfrogs
  A cane toad simulacrum (IceCv)
  An earth elemental (Elf:2)
  3 scorpions
  2 wights (D:9)
  13 killer bees
  2 elephant simulacra (IceCv)
  2 electric eels
  2 howler monkeys
  A hound (D:6)
  4 orc priests
  2 iguanas
  6 orc wizards
  A hell rat (Elf:1)
  A spriggan simulacrum (IceCv)
  5 wolf simulacra (IceCv)
  8 gnolls
  An adder (D:4)
  A naga simulacrum (IceCv)
  A shadow imp (D:6)
  8 white imps
  36 orcs
  An endoplasm (D:4)
  2 kobolds (D:10)
  A bush (Elf:1)
400 creatures vanquished.

Vanquished Creatures (others)
  A deep elf demonologist (D:13)
  3 deep elf knights
  36 battlemagi
  2 ancestors (Bailey)
  A bush (Lair:5)
  20 fungi
  42 plants
105 creatures vanquished.

Grand Total: 1056 creatures vanquished

Notes
Turn   | Place    | Note
-------+----------+-------------------------------------------
     0 | D:5      | flotson the Demonspawn Delver began the quest for the Orb.
     0 | D:5      | Reached XP level 1. HP: 18/18 MP: 1/1
    37 | D:5      | Noticed an iguana
    55 | D:5      | Noticed a jelly
   235 | D:1      | Gained mutation: A weak demonic guardian rushes to your
                  | aid. [demonic ancestry]
   235 | D:1      | Reached XP level 2. HP: 20/24 MP: 2/2
   513 | D:1      | Found a faded altar of an unknown god.
   633 | D:2      | Found a hide-covered altar of Uskayaw.
   644 | D:2      | Gained mutation: A demonic guardian rushes to your aid.
                  | [demonic ancestry]
   644 | D:2      | Reached XP level 3. HP: 27/29 MP: 3/3
   697 | D:2      | Reached skill level 1 in Armour
   697 | D:2      | Reached skill level 1 in Evocations
   838 | D:2      | Reached skill level 1 in Axes
  1208 | D:3      | Reached XP level 4. HP: 35/35 MP: 4/4
  1345 | D:3      | Identified the ring "Pischuila" {*Slow Fly Will+ rCorr
                  | Str+8}
  1381 | D:3      | Identified the +2 ring mail of Sin {Drain rF++ rCorr Dex+4}
  1623 | D:4      | Noticed a scorpion
  1635 | D:4      | Killed a scorpion
  1636 | D:4      | Reached XP level 5. HP: 15/42 MP: 5/5
  1750 | D:4      | Noticed an ogre
  1821 | D:4      | Reached skill level 5 in Stealth
  1980 | D:4      | Reached skill level 1 in Throwing
  2137 | D:4      | Noticed a black bear
  2150 | D:4      | Killed a black bear
  2151 | D:4      | Reached skill level 4 in Fighting
  2151 | D:4      | Reached XP level 6. HP: 48/48 MP: 6/6
  2614 | D:5      | Gained mutation: You have sharp fingernails. [demonic
                  | ancestry]
  2614 | D:5      | Reached XP level 7. HP: 48/54 MP: 7/7
  2782 | D:5      | Found Wiokis's General Store.
  2841 | D:5      | Bought a scroll of identify for 22 gold pieces
  2841 | D:5      | Bought a potion of degeneration for 11 gold pieces
  3517 | D:6      | Found a staircase to the Ecumenical Temple.
  3525 | Temple   | Entered the Ecumenical Temple
  3607 | Temple   | Became a worshipper of Hepliaklqana the Forgotten
  3677 | D:6      | Gained mutation: You sometimes gain a little power by
                  | taking damage. [demonic ancestry]
  3677 | D:6      | Reached XP level 8. HP: 54/61 MP: 8/8
  3739 | D:6      | Reached skill level 1 in Invocations
  3849 | D:6      | Found Hogotte's Jewellery Shoppe.
  4029 | D:6      | Found a shimmering blue altar of Sif Muna.
  4057 | D:6      | Found an ancient bone altar of Kikubaaqudgha.
  4209 | D:6      | Reached skill level 5 in Fighting
  4858 | D:6      | Reached skill level 1 in Shields
  5136 | D:7      | Noticed Dowan
  5136 | D:7      | Noticed Duvessa
  5555 | D:7      | Gained mutation: You sometimes gain power by taking damage.
                  | [demonic ancestry]
  5555 | D:7      | Reached XP level 9. HP: 62/68 MP: 11/11
  5746 | D:7      | Reached * piety under Hepliaklqana
  5881 | D:7      | Killed Dowan
  6256 | D:7      | Killed Duvessa
  6666 | D:7      | Reached skill level 5 in Dodging
  6935 | D:8      | Found a flagged portal.
  6945 | Bailey   | Entered a bailey
  6977 | Bailey   | Reached skill level 6 in Fighting
  6977 | Bailey   | Reached skill level 5 in Evocations
  7174 | Bailey   | Noticed a two-headed ogre
  7192 | Bailey   | Gained mutation: You are partially covered in icy blue
                  | scales. (AC +2) [demonic ancestry]
  7192 | Bailey   | Reached XP level 10. HP: 36/68 MP: 13/13
  7194 | Bailey   | Killed a two-headed ogre
  7195 | Bailey   | Reached skill level 5 in Armour
  7195 | Bailey   | Reached skill level 5 in Invocations
  7312 | Bailey   | Identified the +8 mace of Rillion {flame, rF+ Int+2}
  7517 | D:8      | Reached skill level 5 in Axes
  7796 | D:8      | Reached ** piety under Hepliaklqana
  7797 | D:8      | Remembered your ancestor Mettia as a battlemage
  7830 | D:8      | Found a sparkling altar of Nemelex Xobeh.
  7831 | D:8      | Found an opulent altar of Gozag.
  8062 | D:9      | Noticed warriortoast's ghost (novice SpHu)
  8111 | D:9      | Reached skill level 5 in Throwing
  8465 | D:9      | Noticed a two-headed ogre
  8473 | D:9      | Killed a two-headed ogre
  8620 | D:9      | Found a runed translucent door.
  8641 | D:9      | Gained mutation: You are mostly covered in icy blue scales.
                  | (AC +3) [demonic ancestry]
  8641 | D:9      | Reached XP level 11. HP: 74/74 MP: 15/15
  8653 | D:9      | Reached skill level 7 in Fighting
  9036 | D:9      | Killed warriortoast's ghost
  9047 | D:9      | Got Isel's Volume of Bedrock
  9080 | D:10     | Entered Level 10 of the Dungeon
  9219 | D:10     | Noticed a two-headed ogre
  9226 | D:10     | Killed a two-headed ogre
  9553 | D:10     | Reached *** piety under Hepliaklqana
  9554 | D:10     | Upgraded the game from 0.30-a0-718-geaa24f58ff to
                  | 0.30-a0-722-g3e6e8c874d
  9800 | D:10     | Found Ysarphao's Book Emporium.
  9847 | D:11     | Noticed a two-headed ogre
  9929 | D:11     | Found a staircase to the Lair.
 10010 | D:11     | Reached skill level 5 in Shields
 10040 | D:11     | Noticed a two-headed ogre
 10047 | D:11     | Killed a two-headed ogre
 10136 | D:11     | Noticed a boulder beetle
 10149 | D:11     | Killed a boulder beetle
 10225 | D:11     | Killed a two-headed ogre
 10593 | D:11     | Found a runed translucent door.
 10593 | D:11     | Noticed an ogre mage
 10594 | D:11     | Noticed a storm dragon
 10598 | D:11     | Killed an ogre mage
 10599 | D:11     | Reached XP level 12. HP: 78/82 MP: 15/18
 10600 | D:11     | Noticed a centaur warrior
 10607 | D:11     | Killed a storm dragon
 10612 | D:11     | Killed a centaur warrior
 10613 | D:11     | Reached skill level 8 in Fighting
 10773 | D:11     | Noticed a two-headed ogre
 10778 | D:11     | Killed a two-headed ogre
 10789 | D:11     | Noticed a deep troll earth mage
 10794 | D:11     | Killed a deep troll earth mage
 11020 | Lair:1   | Entered Level 1 of the Lair of Beasts
 11889 | Lair:2   | Noticed a catoblepas
 11899 | Lair:2   | Killed a catoblepas
 12136 | Lair:2   | Noticed a death yak
 12136 | Lair:2   | Noticed a death yak
 12137 | Lair:2   | Reached **** piety under Hepliaklqana
 12138 | Lair:2   | Noticed a death yak
 12140 | Lair:2   | Noticed a death yak
 12145 | Lair:2   | Killed a death yak
 12150 | Lair:2   | Killed a death yak
 12163 | Lair:2   | HP: 3/84 [death yak (20)]
 12425 | Lair:2   | Reached XP level 13. HP: 81/90 MP: 17/19
 12465 | Lair:2   | Identified the +8 sling of Dik Naw {speed, Int+3}
 12549 | Lair:2   | Reached skill level 9 in Fighting
 13223 | Lair:3   | Found a staircase to the Shoals.
 13445 | Lair:3   | Reached ***** piety under Hepliaklqana
 13494 | Lair:3   | HP: 1/90 [death yak (5)]
 13908 | Lair:3   | Found a hole to the Spider Nest.
 14573 | Lair:4   | Found a frozen archway.
 14797 | IceCv    | Entered an ice cave
 14911 | IceCv    | HP: 3/90 [freezing wraith (15)]
 15627 | IceCv    | Found an ancient bone altar of Kikubaaqudgha.
 16911 | Lair:4   | Gained mutation: You are completely covered in icy blue
                  | scales. (AC +4, rC+) [demonic ancestry]
 16911 | Lair:4   | Reached XP level 14. HP: 88/88 MP: 20/20
 17480 | Lair:5   | Entered Level 5 of the Lair of Beasts
 17782 | Lair:5   | Reached skill level 10 in Fighting
 18530 | Lair:5   | Found a staircase to the Slime Pits.
 18544 | Lair:5   | Noticed Josephine
 18948 | Lair:5   | Killed Josephine
 19887 | D:12     | Found Beucisor's Antique Armour Emporium.
 20166 | D:12     | Found a staircase to the Orcish Mines.
 20171 | D:12     | Reached skill level 10 in Evocations
 20481 | Orc:1    | Entered Level 1 of the Orcish Mines
 20486 | Orc:1    | Noticed Maurice
 20489 | Orc:1    | Noticed Erica
 20495 | Orc:1    | Killed Maurice
 20501 | Orc:1    | Killed Erica
 20636 | Orc:1    | Found a bloodstained altar of Trog.
 20849 | Orc:2    | Entered Level 2 of the Orcish Mines
 20849 | Orc:2    | Found a staircase to the Elven Halls.
 20849 | Orc:2    | Found Danwaame's Distillery.
 21957 | Orc:2    | Reached XP level 15. HP: 100/104 MP: 21/21
 22735 | Orc:2    | Noticed Nessos
 22755 | Orc:2    | Killed Nessos
 22963 | Orc:2    | Found Ydamer's General Store.
 22963 | Orc:2    | Found Naenne's Distillery.
 22978 | Orc:2    | Bought a potion of heal wounds for 70 gold pieces
 23012 | Orc:2    | Found Viami Quog's Magic Scroll Shoppe.
 23012 | Orc:2    | Found Tiofih's General Store.
 23541 | Orc:2    | Found Tucowos's Antique Weapon Emporium.
 23652 | Orc:2    | Bought 2 potions of heal wounds for 150 gold pieces
 23652 | Orc:2    | Bought a scroll of identify for 30 gold pieces
 23652 | Orc:2    | Bought a scroll of identify for 30 gold pieces
 23652 | Orc:2    | Identified 3 scrolls of acquirement
 23653 | Orc:2    | Acquired a +2 eveningstar of freezing
 23660 | Orc:2    | Acquired a manual of Shields
 23662 | Orc:2    | Acquired the +15 Maxwell's patent armour {-Cast -Tele rElec
                  | Will+ rCorr}
 23662 | Orc:2    | Found the +15 Maxwell's patent armour {-Cast -Tele rElec
                  | Will+ rCorr}
 23994 | Orc:1    | Noticed Erolcha
 24002 | Orc:1    | Killed Erolcha
 24213 | D:13     | Noticed Azrael
 24227 | D:13     | Killed Azrael
 24382 | D:13     | Found a gate to the Vaults.
 24644 | D:13     | Noticed Kirke
 24656 | D:13     | Killed Kirke
 24657 | D:13     | Reached skill level 11 in Fighting
 24813 | D:13     | Got the Volume of Amathomancy and the Voyage
 24843 | D:13     | Got Vuvyrr's Octavo of Voltage and Portals
 24859 | D:13     | Got Huzen Edghi's Spellbook of the Frozen Vector
 24868 | D:13     | Found a shimmering blue altar of Sif Muna.
 24977 | D:13     | Found the +3 salamander hide armour {Flames, rFlCloud rF++
                  | rC--}
 25022 | D:13     | Noticed a tengu reaver
 25030 | D:13     | Killed a tengu reaver
 25035 | D:13     | Noticed a Brimstone Fiend
 25043 | D:13     | Reached skill level 10 in Dodging
 25304 | D:13     | Got the Omnibus of Inconstant Nightshade
 25313 | D:13     | Got the Tome of the Volatile Boulder
 25329 | D:13     | Got the Almanac of the Vapourous Dragon
 25331 | D:13     | Got Luv Lim's Verses on Electrocution
 25675 | D:13     | Reached ****** piety under Hepliaklqana
 25984 | D:14     | Identified Roxanne's Excursus on the Xenotype
 25984 | D:14     | Noticed Roxanne
 26077 | D:14     | Reached skill level 10 in Armour
 26503 | D:14     | Reached skill level 10 in Throwing
 27107 | D:14     | Noticed Frances
 27119 | D:14     | Killed Frances
 27120 | D:14     | Reached skill level 5 in Maces & Flails
 27208 | D:14     | Reached skill level 10 in Shields
 27451 | D:14     | Found an iron altar of Okawaru.
 28110 | D:14     | Killed Roxanne
 28264 | D:15     | Entered Level 15 of the Dungeon
 28315 | D:15     | Reached XP level 16. HP: 113/113 MP: 22/22
 28369 | D:15     | Found a staircase to the Depths.
 29213 | D:15     | Upgraded the game from 0.30-a0-722-g3e6e8c874d to
                  | 0.30-a0-737-gf23d94013f
 29442 | Elf:1    | Entered Level 1 of the Elven Halls
 29483 | Elf:1    | Paralysed by an air elemental for 1 turns
 29485 | Elf:1    | Paralysed by an air elemental for 1 turns
 29536 | Elf:1    | Noticed a sphinx
 29545 | Elf:1    | Noticed a sphinx
 29568 | Elf:1    | Killed a sphinx
 29573 | Elf:1    | Killed a sphinx
 29577 | Elf:1    | Noticed a sphinx
 29580 | Elf:1    | Killed a sphinx
 29624 | Elf:1    | Reached skill level 12 in Fighting
 29871 | Elf:1    | Noticed Jorgrun
 29881 | Elf:1    | Killed Jorgrun
 30023 | Elf:1    | Identified the +2 pair of gloves of Fortitude {rPois Will+}
 30023 | Elf:1    | Noticed Nikola
 30033 | Elf:1    | Killed Nikola
 30508 | Elf:1    | Noticed a deep elf blademaster
 30512 | Elf:1    | Gained mutation: You are powered by pain. [demonic
                  | ancestry]
 30512 | Elf:1    | Reached XP level 17. HP: 35/119 MP: 3/23
 30516 | Elf:1    | Killed a deep elf blademaster
 31029 | Elf:1    | Identified the +3 quick blade of Guad {freeze, Will++}
 31366 | Elf:2    | Paralysed by an air elemental for 1 turns
 31407 | Elf:2    | Acquired 1135 gold pieces
 31408 | Elf:2    | Acquired a manual of Fighting
 31498 | Elf:2    | Found a runed translucent gate.
 31498 | Elf:2    | Found a runed translucent gate.
 31498 | Elf:2    | Found a runed translucent gate.
 31897 | Elf:2    | Paralysed by an air elemental for 1 turns
 32031 | Elf:2    | Found Adahum's Book Emporium.
 32048 | Elf:2    | Identified the +2 robe "Lipsinn" {rN+ MP+9}
 32483 | Elf:2    | Noticed Agnes
 32483 | Elf:2    | Noticed a deep elf blademaster
 32491 | Elf:2    | Killed Agnes
 32493 | Elf:2    | Killed a deep elf blademaster
 32579 | Elf:2    | Reached skill level 13 in Fighting
 32979 | Elf:3    | Entered Level 3 of the Elven Halls
 32999 | Elf:3    | Found Bepuach's Distillery.
 33013 | Elf:3    | Found a flickering gateway to a bazaar.
 33019 | Bazaar   | Entered a bazaar
 33033 | Bazaar   | Found Littorr's General Store.
 33033 | Bazaar   | Found Rughyij's Magic Scroll Shoppe.
 33038 | Bazaar   | Bought a scroll of enchant weapon for 67 gold pieces
 33038 | Bazaar   | Bought a scroll of summoning for 85 gold pieces
 33044 | Bazaar   | Bought a scroll of enchant weapon for 120 gold pieces
 33055 | Bazaar   | Found Aprymn's General Store.
 33055 | Bazaar   | Found Igarouwk's Magic Scroll Shoppe.
 33060 | Bazaar   | Bought a wand of mindburst (8) for 100 gold pieces
 33066 | Bazaar   | Bought a scroll of enchant weapon for 90 gold pieces
 33066 | Bazaar   | Bought a scroll of enchant weapon for 90 gold pieces
 33066 | Bazaar   | Bought a scroll of magic mapping for 90 gold pieces
 33077 | Bazaar   | Found Zehymuhi's Weapon Emporium.
 33077 | Bazaar   | Found Qacsoeg's Antique Armour Shoppe.
 33099 | Bazaar   | Found Egross's Antique Weapon Emporium.
 33132 | Elf:3    | Found Qoussi's Antique Weapon Shop.
 33154 | Elf:3    | Bought a slimy broad axe for 315 gold pieces
 33154 | Elf:3    | Identified the +4 broad axe of Okawaru's Esteem {venom,
                  | rElec Int+5} (You bought it in a shop on level 3 of the
                  | Elven Halls)
 33401 | Elf:3    | Found Olazig's Distillery.
 33712 | Elf:3    | Bought a potion of heal wounds for 85 gold pieces
 33795 | Elf:3    | Bought a potion of heal wounds for 70 gold pieces
 34028 | Elf:3    | Noticed a Tzitzimitl
 34029 | Elf:3    | HP: 3/123 [+2 glaive of pain (14)]
 34376 | Elf:3    | Gained mutation: You have very sharp fingernails. [demonic
                  | ancestry]
 34376 | Elf:3    | Reached XP level 18. HP: 115/129 MP: 24/24
 34415 | Elf:3    | Identified the ring of Haozot {Drain +Blink Fly rPois
                  | Int+6}
 34497 | Elf:3    | Noticed a Hell Sentinel
 34670 | Elf:3    | Identified the +1 plate armour "Sake" {Harm rElec rF+
                  | Slay-3 Stlth+}
 34693 | Elf:3    | Identified the +7 chain mail of the Valley of Death {rC-
                  | rN+ rCorr}
 34873 | Elf:3    | Identified the +4 sling of Gloom {freeze, rPois Int-3 SInv
                  | Stlth-}
 35027 | Elf:3    | Reached skill level 14 in Fighting
 35129 | Elf:3    | Noticed a Tzitzimitl
 35169 | Elf:3    | Got the Incunabulum of the Wary Thickets
 35430 | Spider:1 | Entered Level 1 of the Spider Nest
 36058 | Spider:1 | Slain by a jumping spider

Illustrated notes

Levels and vault maps discovered:
D:1:      saegor_arrival_simple_c, layout_rooms, chequers_ecumenical_altar_lobes
D:2:      cheibrodos_helix_gallery, layout_rooms, basic_altar, kennysheep_donut,
          minmay_misc_feat_iff
D:3:      layout_rooms
D:4:      layout_loops_ring
D:5:      layout_basic, serial_shops, shop, nrook_loot_triangle
D:6:      layout_basic, mainiacjoe_overflow_two_lobes, amcnicky_altar_gilded,
          minmay_temple_entry_wispy, serial_shops, shop_fountains,
          serial_park_tiny_2
D:7:      minmay_the_grid_octo_tiled_squarecenter
          [minmay_the_grid_octo_clover_2, minmay_the_grid_octo_empty,
          minmay_the_grid_octo_checkerflower, minmay_the_grid_octo_pinwheel,
          minmay_the_grid_square_5x5_megaprize_hollow,
          minmay_the_grid_square_5x5_bridge, minmay_the_grid_square_5x5_plus,
          minmay_the_grid_square_5x5_forky,
          minmay_the_grid_square_5x5_bracketed], layout_basic,
          hangedman_decor_growths, uniq_duvessa
D:8:      layout_basic, grunt_temple_overflow_opulence, enter_bailey_2
D:9:      layout_roguey [special_room_bee], zin_academy, hellmonk_ghost_big_iron
D:10:     layout_gridville, serial_shops, shop
D:11:     layout_long_grid, minmay_lair_entry_grove, minivault_13
D:12:     layout_roguey, orc_david_3, serial_shops, shop
D:13:     evilmike_library_of_no_secrets, layout_basic, erik_vaults_1,
          minmay_between, uniq_kirke, uniq_azrael
D:14:     wad_mega_maze, layout_basic, okawaru_ov_weapons_minmay,
          hangedman_decor_push, uniq_roxanne, uniq_frances
D:15:     hangedman_depths_entry_civil_slaughter, layout_loops_ring,
          nicolae_kite_square_tiling_tiny,
          nicolae_concentric_dashed_squares_mild, corexii_corridor_pit,
          tso_metal_star
Temple:   minmay_temple_bridge_d
Lair:1:   layout_loops_ring, grunt_megastairs_5
Lair:2:   layout_regular_city, minivault_19, cheibrodos_lair_lostbears
Lair:3:   layout_cave_pods, elwin_shoals_entry_rooms, spider_nest_entry_webs
Lair:4:   layout_roguey, portal_ice_cave_entry_imps
Lair:5:   grunt_lair_end_beastmaster, layout_hall_layers, slime_entry_1,
          uniq_josephine
Spider:1: layout_spider_delve
Orc:1:    layout_caves, trog_butcher_becter, uniq_erica, uniq_erolcha,
          uniq_maurice
Orc:2:    st_orc_town, layout_caves, serial_shops, nicolae_shop_waterfront,
          shop, nicolae_orc_rich_vein, uniq_nessos
Elf:1:    cheibrodos_elf_bladeworks, layout_gridlike, special_room
          [special_room_mythical_zoo], hangedman_corner_corridor,
          dreamdust_princess_bridge, grunt_ministairs_8, grunt_megastairs_4,
          uniq_jorgrun, uniq_nikola
Elf:2:    nicolae_elf_blades_crystal_corner, layout_loops_corners, serial_shops,
          shop, kilobyte_mutagenic_chamber, uniq_agnes
Elf:3:    elf_hall_gauntlet_narrow, layout_gridlike, serial_shops,
          bzr_entry_road, nicolae_shop_hallway_plus, nicolae_shop_trees,
          nicolae_square_shop

Skill      XL: |  1  2  3  4  5  6  7  8  9 10 11 12 13 14 15 16 17 18 |
---------------+-------------------------------------------------------+-----
Dodging        | 2 3 4 5 6 7 8 9 10 11 12 | 12.0
Armour         | 1 2 3 4 5 6 7 8 9 10 11 12 | 12.0
Evocations     | 1 2 3 4 5 6 7 8 9 10 11 12 | 12.9
Axes           | 1 2 3 4 5 6 7 8 9 |  9.5
Stealth        | 5 |  5.0
Throwing       | 1 2 3 4 5 6 7 8 9 10 11 | 11.9
Fighting       | 4 5 6 7 8 9 10 11 12 13 14 | 14.2
Invocations    | 3 4 6 8 |  8.0
Shields        | 1 3 4 5 6 7 8 10 11 12 13 | 13.4
Maces & Flails | 5 7 9 |  9.1

Action                     |  1- 3 |  4- 6 |  7- 9 | 10-12 | 13-15 | 16-18 || total
---------------------------+-------+-------+-------+-------+-------+-------++-------
  Melee: Hand axe          |    99 |    36 |       |       |       |       ||   135
         Mace              |    10 |       |       |   331 |   763 |       ||  1104
         Morningstar       |       |    35 |   345 |       |       |       ||   380
         Punch             |       |       |     1 |       |       |       ||     1
         Eveningstar       |       |       |       |       |   280 |   401 ||   681
         Broad axe         |       |       |       |       |       |   209 ||   209
  Throw: Dart              |       |     5 |     5 |    10 |     7 |     1 ||    28
         Boomerang         |       |       |       |       |       |   138 ||   138
 Invoke: Recall Ancestor   |       |       |     2 |       |       |     1 ||     3
         Ancestor Life: Ba |       |       |       |     1 |       |       ||     1
  Evoke: Wand              |       |       |     3 |     2 |     6 |     6 ||    17
         Tin of tremorston |       |       |       |       |     2 |       ||     2
         Condenser vane    |       |       |       |       |     2 |     4 ||     6
         Lightning rod     |       |       |       |       |       |     7 ||     7
    Use: Scroll            |       |       |     2 |    13 |    21 |     8 ||    44
         Potion            |       |       |     1 |     2 |     1 |     8 ||    12
   Stab: Sleeping          |     4 |     2 |    10 |     3 |     1 |       ||    20
         Distracted        |       |       |     4 |     9 |    30 |    16 ||    59
         Petrified         |       |       |       |     1 |       |       ||     1
         Petrifying        |       |       |       |       |     2 |       ||     2
 Armour: Leather armour    |    15 |       |       |       |       |       ||    15
         Ring mail         |    59 |    29 |   166 |   138 |    96 |       ||   488
         Skin              |       |       |     3 |       |       |       ||     3
         Chain mail        |       |       |       |       |   405 |       ||   405
         Plate armour      |       |       |       |       |   197 |   603 ||   800
  Dodge: Dodged            |    97 |    57 |   265 |   227 |   635 |   370 ||  1651
  Block: Kite shield       |       |       |   179 |   226 |   790 |   559 ||  1754
         Reflection        |       |       |       |       |       |    33 ||    33

Table legend: (Time is in decaauts)
 A = Elapsed time spent in this place.
 B = Non-inter-level travel time spent in this place.
 C = Inter-level travel time spent in this place.
 D = Time resting spent in this place.
 E = Time spent auto-exploring this place.
 F = Levels seen in this place.
 G = Mean time per level.
                   A        B        C        D        E       F      G
               +--------+--------+--------+--------+--------+-----+--------+
         Total |  36832 |  34972 |   1860 |   2943 |  25021 |  30 | 1227.7 |
       Dungeon |  16955 |  16024 |    931 |    625 |  12284 |  15 | 1130.3 |
        Temple |    126 |     98 |     28 |      0 |     87 |   1 |  126.0 |
          Lair |   7607 |   7150 |    457 |    690 |   5307 |   5 | 1521.4 |
   Spider Nest |    423 |    423 |      0 |      0 |    257 |   1 |  423.0 |
  Orcish Mines |   3648 |   3554 |     94 |   1066 |   1815 |   2 | 1824.0 |
   Elven Halls |   5782 |   5433 |    349 |    270 |   3905 |   3 | 1927.3 |
        Bazaar |    109 |    109 |      0 |      0 |    102 |   1 |  109.0 |
        Bailey |    439 |    439 |      0 |    148 |    193 |   1 |  439.0 |
      Ice Cave |   1739 |   1739 |      0 |    143 |   1071 |   1 | 1739.0 |
               +--------+--------+--------+--------+--------+-----+--------+

Top non-repeatable levels by time:
    D:14: 2475 daAuts
   Orc:1: 2269 daAuts
  Lair:5: 2133 daAuts
   Elf:1: 1972 daAuts
   Elf:2: 1941 daAuts
     D:7: 1930 daAuts
   Elf:3: 1868 daAuts
  Lair:3: 1739 daAuts
   IceCv: 1739 daAuts
    D:13: 1730 daAuts
     D:6: 1543 daAuts
  Lair:4: 1483 daAuts
   Orc:2: 1378 daAuts
    D:11: 1320 daAuts
  Lair:1: 1132 daAuts
